 Dungeon Crawl Stone Soup version 0.23.2-40-g277498a001 (webtiles) character file.

Game seed: 5478225478284088873

545 DildoBatman the Conjurer (level 7, 0/46 HPs)
             Began as a Demonspawn Wizard on Aug 17, 2019.
             Slain by an orc wizard
             ... wielding a +0 dagger
              (1 damage)
             ... on level 4 of the Dungeon.
             The game lasted 00:13:45 (3556 turns).

DildoBatman the Conjurer (Demonspawn Wizard)        Turns: 3556, Time: 00:13:46

Health: 0/46       AC:  6    Str:  7    XL:     7   Next: 6%
Magic:  17/20      EV: 12    Int: 21    God:
Gold:   159        SH:  0    Dex: 12    Spells: 5/12 levels left

rFire    + . .     SeeInvis .   a - +4 short sword
rCold    x . .     Gourm    .   (no shield)
rNeg     . . .     Faith    .   p - +0 robe
rPois    .         Spirit   .   B - +0 hat
rElec    .         Reflect  .   (no cloak)
rCorr    .         Harm     .   (no gloves)
MR       .....                  (no boots)
Stlth    +.........             (no amulet)
HPRegen  0.15/turn              t - ring of magical power
MPRegen  0.17/turn              k - ring of fire

@: confused
A: horns 2, iridescent scales 2, spiny 2
a: no special abilities


You were on level 4 of the Dungeon.
You were hungry.

You visited 1 branch of the dungeon, and saw 5 of its levels.

You collected 159 gold pieces.

Inventory:

Hand Weapons
 a - a +4 short sword (weapon)
 b - a +0 hunting sling
 c - a +0 arbalest
 w - a +0 hand axe of electrocution
Missiles
 f - 2 throwing nets
 g - 49 arrows
 l - 122 stones (quivered)
 o - 16 poisoned needles
 u - 7 tomahawks
Armour
 p - a +0 robe (worn)
 B - a +0 hat (worn)
Jewellery
 k - a ring of fire (right hand)
 t - a ring of magical power (left hand)
Scrolls
 e - 3 scrolls of blinking
 i - a scroll of fear {unknown}
 m - a scroll of fog {unknown}
 q - 3 scrolls of enchant armour
 x - 2 scrolls of remove curse
 y - 3 scrolls of magic mapping {unknown}
 z - a scroll of amnesia {unknown}
 A - a scroll of teleportation {unknown}
 E - a scroll of immolation {unknown}
Potions
 d - a potion of cancellation {unknown}
 h - 3 potions of curing {unknown}
 j - 2 potions of agility {unknown}
 n - 3 potions of heal wounds {unknown}
 r - a potion of degeneration {unknown}
 s - a potion of might {unknown}
 C - a potion of flight {unknown}
 D - a potion of invisibility {unknown}
Comestibles
 v - 8 rations


   Skills:
 - Level 1.7 Dodging
 - Level 1.7 Stealth
 - Level 3.0 Spellcasting
 - Level 6.3 Conjurations
   Level 1.0 Summonings
   Level 0.8 Translocations
 * Level 1.7 Fire Magic
 * Level 1.8 Air Magic
 * Level 2.0 Poison Magic


You had 5 spell levels left.
You knew the following spells:

 Your Spells              Type           Power        Failure   Level  Hunger
a - Conjure Flame         Conj/Fire      ####....     8%          3    ###....
c - Magic Dart            Conj           ####         1%          1    None
e - Mephitic Cloud        Conj/Pois/Air  ###.....     10%         3    ###....

Your spell library contained the following spells:

 Spells                   Type           Power        Failure   Level  Hunger
 Call Imp                 Summ           #.......     13%         2    ##.....
 Blink                    Tloc           N/A          14%         2    ##.....
 Slow                     Hex            #.......     21%         2    ##.....


Dungeon Overview and Level Annotations

Branches:
Dungeon (5/15)
 Temple: D:4-7

Altars:
Makhleb
Vehumet
Wu Jian
Yredelemnul

Shops:
D:4 [

Annotations:
D:2 Sigmund
D:3 1 exclusion
D:4 Eustachio, Ijyb


Innate Abilities, Weirdness & Mutations

You have a pair of horns on your head.
You are mostly covered in iridescent scales. (AC +4)
You are mostly covered in sharp spines.


Message History

There is a stone staircase leading down here.
Unknown command.
Casting: Mephitic Cloud (safe; 10% risk of failure)
Confirm with . or Enter, or press ? or * to list all spells.
Aiming: Mephitic Cloud (safe; 10% risk of failure)
Press: ? - help, Shift-Dir - straight line, f - ogre
Aim: an ogre, wielding a +0 giant spiked club That beam is likely to hit you.
Continue anyway?
The ball explodes into a vile cloud!
The stinking cloud engulfs the ogre but does no damage.
The stinking cloud engulfs the orc wizard but does no damage.
The orc wizard is lightly wounded.
The stinking cloud engulfs you but does no damage.
You are engulfed in noxious fumes.
You choke on the stench!
You are confused.
The orc wizard is engulfed in noxious fumes.
The orc wizard appears confused.
The orc wizard hits you with a +0 dagger.
You die...

#.## ###.#### #.#
###..# #.# #...##
#.# #.### #.# #.#
#.# #.# ##
#####.####.######.
#☼§☼.......##.....
#@O☼......###.###.
#o.☼......# #.# #.
#.........###.# #.
#.............# ##
#............##
#.........##..####
######.##.###.....
#..##.# #####.
##[#...# ##


You could see an ogre and an orc wizard (confused).

Vanquished Creatures
  An ogre (D:3)
  2 killer bees (D:4)
  A hound (D:4)
  2 orc wizards (D:4)
  An orc priest (D:4)
  A centaur skeleton (D:4)
  2 iguanas (D:4)
  A worker ant (D:4)
  8 adders
  An ooze (D:1)
  An adder skeleton (D:4)
  3 worms
  A leopard gecko (D:3)
  6 orcs
  4 giant cockroaches
  3 goblins
  6 hobgoblins
  6 jackals
  6 kobolds
  4 quokkas
  6 bats
  4 frilled lizards
  7 rats
77 creatures vanquished.

Notes
Turn   | Place    | Note
-------+----------+-------------------------------------------
     0 | D:1      | DildoBatman the Demonspawn Wizard began the quest for the
                  | Orb.
     0 | D:1      | Reached XP level 1. HP: 13/13 MP: 4/4
   342 | D:1      | Reached skill level 2 in Conjurations
   446 | D:1      | Gained mutation: You are partially covered in sharp spines.
                  | [demonic ancestry]
   446 | D:1      | Reached XP level 2. HP: 9/19 MP: 3/6
  1193 | D:2      | Reached skill level 3 in Conjurations
  1193 | D:2      | Gained mutation: You are mostly covered in sharp spines.
                  | [demonic ancestry]
  1193 | D:2      | Reached XP level 3. HP: 24/24 MP: 1/7
  1198 | D:2      | Learned a level 3 spell: Conjure Flame
  1202 | D:2      | Learned a level 3 spell: Mephitic Cloud
  1583 | D:2      | Gained mutation: You have a pair of small horns on your
                  | head. [demonic ancestry]
  1583 | D:2      | Reached XP level 4. HP: 12/30 MP: 3/8
  1712 | D:2      | Reached skill level 4 in Conjurations
  1755 | D:2      | Noticed Sigmund
  1828 | D:2      | Found a burning altar of Makhleb.
  2395 | D:3      | Found a basalt altar of Yredelemnul.
  2560 | D:4      | Found a radiant altar of Vehumet.
  2571 | D:4      | Gained mutation: You have a pair of horns on your head.
                  | [demonic ancestry]
  2571 | D:4      | Reached XP level 5. HP: 7/35 MP: 3/9
  2684 | D:4      | Reached skill level 5 in Conjurations
  2854 | D:4      | Noticed Eustachio
  2883 | D:4      | Noticed an ogre
  2930 | D:3      | Killed an ogre
  2930 | D:3      | Reached skill level 6 in Conjurations
  2930 | D:3      | Gained mutation: You are partially covered in iridescent
                  | scales. (AC +2) [demonic ancestry]
  2930 | D:3      | Reached XP level 6. HP: 31/41 MP: 5/10
  3064 | D:4      | Noticed Ijyb
  3093 | D:4      | Found an ornate altar of the Wu Jian Council.
  3179 | D:4      | Reached skill level 1 in Fire Magic
  3179 | D:4      | Reached skill level 1 in Air Magic
  3179 | D:4      | Reached skill level 1 in Poison Magic
  3203 | D:4      | Found Doczijod's Armour Shop.
  3366 | D:4      | Gained mutation: You are mostly covered in iridescent
                  | scales. (AC +4) [demonic ancestry]
  3366 | D:4      | Reached XP level 7. HP: 46/46 MP: 11/11
  3505 | D:5      | Entered Level 5 of the Dungeon
  3554 | D:5      | HP: 1/46 [ogre/+0 giant spiked club (12)]
  3556 | D:4      | Slain by an orc wizard

Skill      XL: |  1  2  3  4  5  6  7 |
---------------+----------------------+-----
Conjurations   | 2 3 4 6 |  6.3
Fire Magic     | 1 |  1.7
Air Magic      | 1 |  1.8
Poison Magic   | 1 2 |  2.0
Dodging        | |  1.7
Stealth        | |  1.7
Spellcasting   | |  3.0
Summonings     | |  1.0
Translocations | |  0.8

Action                   |  1- 3 |  4- 6 |  7- 9 || total
-------------------------+-------+-------+-------++-------
Melee: Short sword       |    18 |     6 |     3 ||    27
       Club              |     1 |       |       ||     1
       Whip              |       |     4 |       ||     4
       Headbutt          |       |     1 |       ||     1
 Fire: Hunting sling     |       |     1 |       ||     1
 Cast: Magic Dart        |    72 |   120 |     6 ||   198
       Mephitic Cloud    |       |     4 |     2 ||     6
       Conjure Flame     |       |     1 |       ||     1
  Use: Scroll            |       |     5 |       ||     5
  Eat: Chunk             |     2 |     6 |       ||     8
Armor: Robe              |     4 |     7 |     2 ||    13
Dodge: Dodged            |    24 |    19 |     1 ||    44
